 Dungeon Crawl Stone Soup version 0.30.0-29-ga12c61a403 (webtiles) character file.

Game seed: 1006018244491521454

2229 MissSlay the Gouger (level 9, -2/43 HPs)
             Began as a Felid Berserker on June 11, 2023.
             Was an Elder of Trog.
             Slain by a hornet (10 damage)
             ... while paralysed by a hornet
             ... on level 9 of the Dungeon.
             The game lasted 00:34:56 (7444 turns).

MissSlay the Gouger (Felid Berserker)               Turns: 7444, Time: 00:34:56

Health: -2/43      AC:  2    Str: 13    XL:     9   Next: 14%
Magic:  10/10      EV:  4    Int: 15    God:    Trog [****..]
Gold:   474        SH:  0    Dex: 20    Spells: 8/8 levels left
                                        Lives:  0   Deaths: 3

rFire   . .          .
                       - Unarmed
rCold   . . .        (shield unavailable)
rNeg    . . .        (body armour unavailable)
rPois   .            (helmet unavailable)
rElec   .            (cloak unavailable)
rCorr   .            (gloves unavailable)
SInv    +            (boots unavailable)
Will    +++..        (no amulet)
Stlth   +++++        d - ring of see invisible
HPRegen 1.27/turn    e - +6 ring of intelligence
MPRegen 0.12/turn

%: no passive effects
@: paralysed, lethally poisoned (-2 -> -3), strong-willed, regenerating, quick
A: very small, claws 1, fangs 3, see invisible, speed 1, shaggy fur 2, stealthy
paws, no weapons or thrown items, no armour, multi-lived
a: Renounce Religion, Berserk, Trog's Hand, Brothers in Arms


You were on level 9 of the Dungeon.
You worshipped Trog.
Trog was greatly pleased with you.
You visited 1 branch of the dungeon, and saw 9 of its levels.

You collected 474 gold pieces.

Inventory:

Missiles
 p - 38 poisoned darts
 A - 2 throwing nets
Jewellery
 d - a ring of see invisible (left paw)
 e - a +6 ring of intelligence (right paw)
 t - a ring of fire
 w - an amulet of magic regeneration
Wands
 c - a wand of flame (26)
 f - a wand of digging (5)
 l - a wand of polymorph (5)
 z - a wand of charming (6)
 B - a wand of quicksilver (6)
Scrolls
 a - 3 scrolls of noise
 b - 3 scrolls of identify
 g - 2 scrolls of vulnerability
 i - a scroll of blinking (quivered)
 j - 4 scrolls of teleportation
 n - 3 scrolls of enchant armour {unknown}
 r - a scroll of fog {unknown}
 u - a scroll of magic mapping {unknown}
 y - a scroll of torment {unknown}
Potions
 h - 2 potions of curing
 k - 2 potions of resistance {unknown}
 m - 2 potions of mutation
 o - 3 potions of flight {unknown}
 q - 2 potions of attraction {unknown}
 s - 2 potions of lignification {unknown}
 v - a potion of ambrosia {unknown}
 x - 2 potions of might {unknown}


   Skills:
 + Level 7.2 Fighting
 + Level 10.7 Dodging
 + Level 11.0 Stealth
 + Level 13.0 Unarmed Combat


You had 8 spell levels left.
You didn't know any spells.
Your spell library was empty.

Dungeon Overview and Level Annotations

Branches:
Dungeon (9/15)             Temple (0/1) D:4
   Lair: D:8-11         Orc: D:9-12

Altars:
Ashenzari
Cheibriados
Dithmenos
Elyvilon
Makhleb
Ru
Uskayaw
Vehumet
Wu Jian

Shops:
D:7 :


Innate Abilities, Weirdness & Mutations

You have sharp claws.
You have razor-sharp teeth.
You have supernaturally acute eyesight. (SInv)
You cover ground quickly. (Speed+)
You are covered in thick fur. (AC +2)
Your paws help you pounce on unaware monsters.
You are incapable of wielding weapons or throwing items.
You cannot wear armour.
You gain extra lives every three experience levels.


Message History

The hornet buzzes angrily.
You hear a shout!
You hear two shouts!
An orc wizard comes into view. It is wielding a +0 dagger.
An orc comes into view. It is wielding a +0 hand axe.
The hornet moves out of view.
You see here a blue potion.
An orc comes into view. It is wielding a +0 club.
Found a hand axe.
The orc shouts! x2
A two-headed ogre comes into view. It is wielding two +0 giant clubs.
You're still recovering from your berserk rage.
Your skin crawls.
You feel strong-willed. The hornet completely misses you.
The orc wizard mumbles some strange words.
The orc wizard flickers and vanishes for a moment.
You closely miss the hornet. The hornet completely misses you.
You barely miss the hornet. You claw the hornet!
The hornet is moderately wounded.
The hornet stings you.
You are poisoned.
You feel yourself slow down.
You completely miss the hornet.
The hornet is lightly wounded.
You feel yourself speed up.
You feel very sick. The hornet stings you!
You feel yourself slow down. The orc closely misses you.
The hornet completely misses you.
You scratch the hornet but do no damage.
The hornet is lightly wounded.
You feel yourself speed up.
You recover from your berserk rage.
You feel sick. The hornet completely misses you. The orc misses you.
The orc wizard misses you. The hornet stings you!
* * * LOW HITPOINT WARNING * * *
You suddenly lose the ability to move!
You feel sick. The orc hits you with a +0 hand axe.
* * * LOW HITPOINT WARNING * * *
The orc wizard hits you with a +0 dagger.
* * * LOW HITPOINT WARNING * * *
The hornet stings you!
You die...

# ## # .#
.######.#
##.####
........#
......#
###..######
......#
##.......).
......#
....#######
O.....# ###.#
###o.....#
#.#
#.@yo....#
#.#
#!#o....)#
###.#
##.#......#
##..#
###..########
...## #...##
..## ##.###
.### ##.<#
...## #..##
....######.##


You could see a two-headed ogre, a hornet, an orc wizard (invisible) and 2 orcs.

Vanquished Creatures
  Harold (D:9)
  Erica (D:8)
  Pikel (D:5)
  The ghost of cheesebisquit the Changer, a novice FeTm (D:6)
  Sigmund (D:5)
  5 yaks (D:8)
  A shadow (D:9)
  Menkaure (D:6)
  2 ice beasts
  A black bear (D:5)
  2 orc warriors
  A sky beast (D:8)
  A centaur (D:7)
  3 ogres
  3 lemures (D:5)
  2 phantoms
  3 kobold brigands
  A necrophage (D:6)
  2 scorpions
  8 wights
  5 killer bees (D:9)
  A jelly (D:5)
  An orc priest (D:9)
  4 hounds
  A centaur skeleton (D:6)
  Crazy Yiuf (D:4)
  Jessica (D:2)
  2 gnoll boudas
  3 iguanas
  Terence (D:2)
  4 orc wizards
  A hound skeleton (D:6)
  2 howler monkey zombies (D:6)
  10 gnolls
  10 adders
  A white imp (D:6)
  A howler monkey simulacrum (D:6)
  A worm (D:2)
  4 dart slugs
  13 orcs
  9 bats
  6 endoplasms
  5 giant cockroaches
  6 goblins
  6 hobgoblins
  10 jackals
  5 quokkas
  13 ball pythons
  4 frilled lizards
  27 kobolds
  8 rats
207 creatures vanquished.

Notes
Turn   | Place    | Note
-------+----------+-------------------------------------------
     0 | D:1      | MissSlay the Felid Berserker began the quest for the Orb.
     0 | D:1      | Reached XP level 1. HP: 10/10 MP: 2/2
   211 | D:1      | Reached XP level 2. HP: 13/14 MP: 3/3
   413 | D:1      | Reached ** piety under Trog
   840 | D:2      | Noticed Jessica
   847 | D:2      | Killed Jessica
   848 | D:2      | Reached XP level 3. HP: 17/17 MP: 4/4
  1003 | D:2      | Noticed Terence
  1011 | D:2      | Killed Terence
  1012 | D:2      | Reached skill level 4 in Unarmed Combat
  1012 | D:2      | Reached XP level 4. HP: 21/21 MP: 5/5
  1078 | D:2      | Reached skill level 5 in Dodging
  1599 | D:3      | Reached skill level 1 in Stealth
  1742 | D:3      | Found a white marble altar of Elyvilon.
  1927 | D:3      | Reached XP level 5. HP: 24/24 MP: 6/6
  2403 | D:4      | Found a staircase to the Ecumenical Temple.
  2406 | D:4      | Noticed an ogre
  2499 | D:4      | Noticed an ogre
  2511 | D:4      | Killed an ogre
  2512 | D:4      | Reached skill level 5 in Unarmed Combat
  2512 | D:4      | Gained mutation: You are covered in thick fur. (AC +2)
                  | [Felid growth]
  2512 | D:4      | Reached XP level 6. HP: 24/28 MP: 7/7
  2817 | D:4      | Reached *** piety under Trog
  3069 | D:4      | Reached skill level 6 in Unarmed Combat
  3119 | D:4      | Found a runed translucent door.
  3120 | D:4      | Noticed Crazy Yiuf
  3143 | D:4      | Reached XP level 7. HP: 20/31 MP: 8/8
  3373 | D:4      | Killed Crazy Yiuf
  3425 | D:5      | Entered Level 5 of the Dungeon
  3444 | D:5      | Reached skill level 5 in Stealth
  3865 | D:5      | Noticed Sigmund
  3874 | D:5      | Killed Sigmund
  3875 | D:5      | Reached skill level 7 in Unarmed Combat
  4031 | D:5      | Noticed Pikel
  4043 | D:5      | Slain by Pikel
  4044 | D:5      | Reached XP level 6. HP: 0/42 MP: 7/7
  4152 | D:5      | Reached XP level 7. HP: 32/32 MP: 8/8
  4226 | D:5      | Killed Pikel
  4227 | D:5      | Reached skill level 8 in Unarmed Combat
  4265 | D:5      | Found a shadowy altar of Dithmenos.
  4279 | D:5      | Reached XP level 8. HP: 31/36 MP: 9/9
  4424 | D:5      | Reached skill level 11 in Unarmed Combat
  4424 | D:5      | Reached XP level 9. HP: 42/42 MP: 10/10
  4712 | D:6      | Noticed Menkaure
  4730 | D:6      | Killed Menkaure
  4731 | D:6      | Reached skill level 10 in Stealth
  5089 | D:6      | Found a runed translucent gate.
  5089 | D:6      | Found a runed translucent gate.
  5091 | D:6      | Found a runed translucent gate.
  5094 | D:6      | Noticed cheesebisquit's ghost (novice FeTm)
  5113 | D:6      | Killed cheesebisquit's ghost
  5114 | D:6      | Reached skill level 10 in Dodging
  5252 | D:6      | Found a radiant altar of Vehumet.
  5302 | D:6      | Found a hide-covered altar of Uskayaw.
  5383 | D:6      | Found a burning altar of Makhleb.
  5478 | D:7      | Found a sacrificial altar of Ru.
  5548 | D:7      | Reached skill level 12 in Unarmed Combat
  5891 | D:7      | Found Ipnyb's Book Shop.
  5940 | D:7      | Found a broken altar of Ashenzari.
  6284 | D:8      | Reached XP level 10. HP: 47/47 MP: 11/11
  6382 | D:8      | Reached **** piety under Trog
  6675 | D:8      | Noticed Erica
  6682 | D:8      | Killed Erica
  6943 | D:8      | Found an ornate altar of the Wu Jian Council.
  6991 | D:8      | Found a snail-covered altar of Cheibriados.
  7293 | D:9      | Noticed Harold
  7302 | D:9      | Slain by Harold
  7303 | D:9      | Reached XP level 9. HP: -3/64 MP: 10/10
  7355 | D:9      | HP: 3/64 [poisoned by a killer bee]
  7356 | D:9      | Succumbed to a killer bee's poison
  7357 | D:9      | Reached XP level 8. HP: 0/60 MP: 9/9
  7399 | D:9      | Killed Harold
  7400 | D:9      | Reached skill level 13 in Unarmed Combat
  7400 | D:9      | Reached XP level 9. HP: 43/43 MP: 10/10
  7438 | D:9      | Noticed a two-headed ogre
  7443 | D:9      | Paralysed by a hornet for 2 turns
  7444 | D:9      | Slain by a hornet

Illustrated notes

Levels and vault maps discovered:
D:1:      elethiomel_arrival_maze, layout_loops_ring, nrook_mini_vaults
D:2:      layout_rooms, minmay_tetromino_s2, uniq_terence, uniq_jessica
D:3:      layout_basic, elyvilon_altar_5
D:4:      layout_cave_pools, temple_statues, minmay_surrounded,
          uniq_crazy_yiuf_cottage
D:5:      layout_rooms, grunt_dithmenos_shadows, uniq_pikel, uniq_sigmund
D:6:      layout_cave_pools, nicolae_uskayaw_dance_studio, lemuel_tele_altar,
          makhleb_blood_cavern_becter, gammafunk_ghost_necromancy, uniq_menkaure
D:7:      layout_basic, cheibrodos_ashenzari_chains,
          nicolae_ru_great_annihilating_truth, serial_aquarium,
          aquarium_bridge_straight [aquarium_subvault_bridge,
          aquarium_subvault_wall, aquarium_subvault_bridge,
          aquarium_subvault_balcony], aquarium_window_1, aquarium_window_fake,
          aquarium_window_fake, aquarium_window_3, aquarium_view_2d,
          aquarium_balcony_double_3, serial_shops, kennysheep_mini
D:8:      layout_cave_pods, mainiacjoe_overflow_big_doors, serial_park_tiny_2,
          uniq_erica
D:9:      layout_rooms, uniq_prince_ribbit1, uniq_harold

Skill      XL: |  1  2  3  4  5  6  7  8  9 |
---------------+----------------------------+-----
Unarmed Combat | 4 5 6 8 13 12 | 13.0
Dodging        | 5 6 9 10 | 10.7
Stealth        | 1 3 4 6 11 10 | 11.0
Fighting       | 4 6 7 |  7.2

Action                     |  1- 3 |  4- 6 |  7- 9 | 10-12 || total
---------------------------+-------+-------+-------+-------++-------
  Melee: Unarmed           |    71 |   122 |   220 |    55 ||   468
         Bite              |     5 |    20 |    32 |     2 ||    59
         Punch             |     1 |     3 |    14 |     6 ||    24
 Invoke: Berserk           |     2 |    10 |    21 |     4 ||    37
         Trog's Hand       |       |       |     1 |       ||     1
    Use: Scroll            |       |       |     9 |       ||     9
         Potion            |       |       |     4 |       ||     4
   Stab: Sleeping          |     2 |    10 |     8 |     1 ||    21
         Distracted        |       |     1 |       |       ||     1
 Armour: Skin              |     7 |     6 |     7 |       ||    20
  Dodge: Dodged            |    56 |    95 |   188 |    27 ||   366
